cohdb
Replays
Latest Replays
All Replays
Popular Replays
Top Player Replays
Match Explorer
How It Works
Community
CoH3 Stats
Reddit
Sign in to upload your games and track your stats! →
Sign in with Steam
Match 41676260
Unlisted
Match 41676260
Overview
Messages
Build Orders
End
Construct Barracks
Selects Armored Battlegroup
Selects Assault Engineers
Assault Engineer Squad
Riflemen Squad
Riflemen Squad
Grenade Package
Construct Weapon Support Center
Riflemen Squad
Selects Fast Deploy
Infantry Support Center
M3 Armored Personnel Carrier
Forward Retreat Point
M1919 Machine Gun Team
M3 Armored Personnel Carrier
Riflemen Squad
M1918 Browning Automatic Rifles
Construct Tank Depot
Olumiant
I7arK_HeRo
Салофоб
ssacharov
Hknudsen
qyclub.top
lplp4943718
Keremico
0
0
Comments
sign in to comment!
No comments posted yet!